 Dungeon Crawl Stone Soup version 0.26.0-45-g9c1d065592 (webtiles) character file.

Game seed: 6002915690422109605

7814 Descartes the Frost Mage (level 11, -4/81 HPs)
             Began as a Deep Elf Ice Elementalist on Jan 27, 2021.
             Was an Initiate of Gozag.
             Slain by Sonja
             ... wielding a +2 dagger of distortion
              (15 damage)
             ... on level 10 of the Dungeon.
             The game lasted 00:49:59 (11903 turns).

Descartes the Frost Mage (DEIE)                    Turns: 11903, Time: 00:50:00

Health: -4/81      AC: 35    Str:  6 (7)  XL:     11   Next: 1%
Magic:  27/27      EV:  2    Int: 24      God:    Gozag
Gold:   860        SH:  0    Dex: 14 (15) Spells: 7/30 levels left

rFire    + . .     SeeInvis .   a - +6 spear of Imbalance {drain, Str+2 Stlth+}
rCold    + . .     Faith    .   (no shield)
rNeg     + + +     Spirit   .   (armour currently unavailable)
rPois    +         Reflect  .   (helmet currently unavailable)
rElec    +         Harm     .   (cloak currently unavailable)
rCorr    +         Rampage  .   (gloves currently unavailable)
Will     +....     NoTele   +   (boots currently unavailable)
Stlth    +++++.....             (no amulet)
HPRegen  0.23/turn              D - ring of positive energy
MPRegen  0.20/turn              (no ring)

@: mighty, icy armour, tree-form, resistant
A: deterioration 1
a: End Transformation, Renounce Religion, Potion Petition, Call Merchant, Bribe
Branch


You were on level 10 of the Dungeon.
You worshipped Gozag.
Gozag was pleased with you.
You were a tree.
You visited 2 branches of the dungeon, and saw 11 of its levels.
You also visited: Bailey.

You collected 1943 gold pieces.
You paid 1083 gold pieces to Gozag.

Inventory:

Hand Weapons
 a - the +6 spear of Imbalance (weapon) {drain, Str+2 Stlth+}
   (You found it on level 4 of the Dungeon)

   A truly terrible weapon, it drains the life of those it strikes.
   It affects your strength (+2).
   It makes you more stealthy.
 b - the +6 arbalest "Damnation" {damnation}
   (You found it on level 9 of the Dungeon)
 e - a +4 hand axe of electrocution
 j - a +2 whip of venom
 r - a +2 quarterstaff of chaos
 J - a +0 hunting sling
Missiles
 c - 281 stones
 g - 43 bolts
 h - 2 throwing nets
 i - 2 datura-tipped darts
 m - 198 arrows
 t - 30 boomerangs (quivered)
 x - 5 poisoned darts
 K - 112 sling bullets
Armour
 u - a +1 robe of willpower
 w - a +0 cloak (melded)
 y - the +0 leather armour "Xohasog" (melded) {rN+ Regen+ SInv Stlth+}
   (You found it on level 5 of the Dungeon)

   It protects you from negative energy.
   It lets you see invisible.
   It increases your rate of regeneration.
   It makes you more stealthy.
 G - a +0 pair of boots (melded)
Jewellery
 D - a ring of positive energy (left branch)
Wands
 k - a wand of enslavement (18)
 z - a wand of flame (15)
 A - a wand of iceblast (14)
 F - a wand of polymorph (10)
 I - a wand of paralysis (6)
Scrolls
 d - 3 scrolls of identify
 f - a scroll of remove curse
 p - 5 scrolls of teleportation
 s - 5 scrolls of enchant weapon
 B - 5 scrolls of fear
 C - 3 scrolls of enchant armour
 H - a scroll of blinking
Potions
 l - a potion of brilliance
 n - 2 potions of cancellation {unknown}
 o - a potion of magic
 q - 5 potions of curing
 v - 4 potions of lignification
 E - a potion of attraction
Miscellaneous
 L - a lightning rod (4/4)


   Skills:
 - Level 5.0 Staves
 + Level 0.0 Crossbows
 - Level 5.0 Dodging
 - Level 10.0 Stealth
 - Level 10.0 Spellcasting
 - Level 5.0 Conjurations
 + Level 10.9 Ice Magic
 + Level 3.6 Earth Magic
 - Level 5.0 Evocations


You had 7 spell levels left.
You knew the following spells:

 Your Spells              Type           Power        Failure   Level
a - Freeze                Ice            100%         1%          1
b - Frozen Ramparts       Ice            100%         1%          3
c - Ozocubu's Armour      Ice            59%          1%          3
d - Hailstorm             Conj/Ice       50%          1%          4
e - Shatter               Erth           14%          100%        9
f - Static Discharge      Conj/Air       24%          5%          3

Your spell library contained the following spells:

 Spells                   Type           Power        Failure   Level
 Ensorcelled Hibernation  Hex/Ice        76%          1%          2
 Corona                   Hex            13%          5%          1
 Dazzling Flash           Conj/Hex       48%          5%          3
 Summon Ice Beast         Ice/Summ       38%          5%          4
 Confusing Touch          Hex            12%          16%         3
 Tukima's Dance           Hex            12%          16%         3
 Lightning Bolt           Conj/Air       12%          45%         5
 Ignition                 Fire           6%           100%        8
 Tornado                  Air            6%           100%        9


Dungeon Overview and Level Annotations

Branches:
Dungeon (10/15)            Temple (1/1) D:7             Orc (0/2) D:9
 Bailey (visited)
   Lair: D:8-11

Altars:
Ashenzari
Cheibriados
Dithmenos
Elyvilon
Fedhas
Gozag
Hepliaklqana
Kikubaaqudgha
Makhleb
Nemelex Xobeh
Okawaru
Qazlal
Ru
Sif Muna
Trog
Uskayaw
Vehumet
Wu Jian
Xom
Yredelemnul
Zin
The Shining One

Annotations:
D:10 Psyche, Sonja


Innate Abilities, Weirdness & Mutations

((You can translocate small distances at will.))
Your body sometimes deteriorates upon taking damage.


Message History

The white imp hits you but does no damage.
Sonja hits you but does no damage. Space warps horribly around you!!
* * * LOW HITPOINT WARNING * * *
Sonja hits you but does no damage. x2; Space bends around you.
* * * LOW HITPOINT WARNING * * *
You are too injured to fight recklessly!
Unknown command.
You barely miss Sonja. The white imp gestures at you.
The puff of frost hits you. You resist.
* * * LOW HITPOINT WARNING * * *
Sonja hits you but does no damage. Space bends around you.
* * * LOW HITPOINT WARNING * * *
Sonja hits you but does no damage. Space bends around you.
* * * LOW HITPOINT WARNING * * *
Sonja hits you but does no damage.
You completely miss Sonja. Sonja hits you but does no damage.
Space warps horribly around you!
You die...
Your body crumbles into a pile of gold.

......
....#.########
....#........#
............#
#.###...(....#
#.../........#
######.......#
..######5...../#.##
.......♣K...../....
..######..(....#.##
.......<###..# #
######### #(# .# ..
.. ..


You could see Sonja and a white imp.

Vanquished Creatures
  A two-headed ogre (D:7)
  An ugly thing (D:9)
  Joseph (D:7)
  Maurice (D:8)
  A troll (D:9)
  Grinder (D:4)
  3 yaks (D:9)
  Sigmund (D:3)
  A steam dragon (D:9)
  2 humans (D:9)
  A killer bee (D:7)
  Edmund (D:5)
  A water moccasin (D:9)
  6 orc warriors
  4 ice beasts
  3 phantoms
  3 sky beasts
  A black bear (D:9)
  4 centaurs
  5 ogres
  7 bullfrogs
  A scorpion (D:8)
  A water moccasin skeleton (D:8)
  4 wights (D:9)
  3 howler monkeys
  A bullfrog zombie (D:9)
  2 centaur zombies
  2 quasits (D:9)
  A bullfrog skeleton (D:9)
  A centaur skeleton (D:9)
  Crazy Yiuf (D:5)
  5 hounds
  3 orc priests
  7 orc wizards
  Jessica (D:3)
  4 iguanas
  2 worker ants (D:5)
  A killer bee zombie (D:7)
  A hound skeleton (D:8)
  2 worker ant zombies
  7 gnolls
  A howler monkey skeleton (D:8)
  8 adders
  A shadow imp (D:6)
  2 white imps
  5 ufetubi
  2 adder skeletons
  3 worms
  A dart slug (D:1)
  7 leopard geckos
  19 orcs
  5 giant cockroaches
  6 goblins
  8 hobgoblins
  9 jackals
  8 quokkas
  7 bats
  3 frilled lizards
  A jackal skeleton (D:4)
  A jackal zombie (D:5)
  20 kobolds
  A leopard gecko skeleton (D:5)
  A leopard gecko zombie (D:7)
  A quokka zombie (D:8)
  8 rats
227 creatures vanquished.

Vanquished Creatures (collateral kills)
  2 killer bees (D:7)
  A worker ant (D:7)
3 creatures vanquished.

Vanquished Creatures (others)
  2 plants (D:10)
2 creatures vanquished.

Grand Total: 232 creatures vanquished

Notes
Turn   | Place    | Note
-------+----------+-------------------------------------------
     0 | D:1      | Descartes the Deep Elf Ice Elementalist began the quest for
                  | the Orb.
     0 | D:1      | Reached XP level 1. HP: 10/10 MP: 6/6
   175 | D:1      | Reached XP level 2. HP: 13/15 MP: 2/8
   746 | D:1      | Reached XP level 3. HP: 19/19 MP: 7/9
  1239 | D:2      | Learned a level 3 spell: Frozen Ramparts
  1243 | D:2      | Learned a level 3 spell: Ozocubu's Armour
  2037 | D:2      | Reached XP level 4. HP: 24/24 MP: 6/10
  2836 | D:3      | You fall into a shaft and drop 1 floor!
  2862 | D:4      | Reached XP level 5. HP: 21/28 MP: 7/12
  3100 | D:3      | Noticed Sigmund
  3110 | D:3      | Killed Sigmund
  3111 | D:3      | Reached skill level 5 in Stealth
  3111 | D:3      | Reached XP level 6. HP: 28/32 MP: 4/14
  3317 | D:3      | Noticed Jessica
  3322 | D:3      | Killed Jessica
  3988 | D:4      | Noticed Grinder
  4016 | D:4      | Killed Grinder
  4017 | D:4      | Reached skill level 5 in Spellcasting
  4017 | D:4      | Reached XP level 7. HP: 11/36 MP: 2/16
  4392 | D:4      | Got a masterwork spear
  4393 | D:4      | Identified the +6 spear of Imbalance {drain, Str+2 Stlth+}
                  | (You found it on level 4 of the Dungeon)
  4409 | D:4      | Found a hazy altar of Hepliaklqana.
  4413 | D:4      | Found a blossoming altar of Fedhas.
  4508 | D:5      | Entered Level 5 of the Dungeon
  4917 | D:5      | Noticed Edmund
  4924 | D:5      | Killed Edmund
  5397 | D:5      | Found a burning altar of Makhleb.
  5398 | D:5      | Found a snail-covered altar of Cheibriados.
  5400 | D:5      | Found a hide-covered altar of Uskayaw.
  5408 | D:5      | Found a white marble altar of Elyvilon.
  5409 | D:5      | Found an ornate altar of the Wu Jian Council.
  5409 | D:5      | Found an opulent altar of Gozag.
  5451 | D:5      | Became a worshipper of Gozag Ym Sagoz the Greedy
  5467 | D:5      | Got a heavily runed leather armour
  5478 | D:5      | Identified the cursed +0 leather armour "Xohasog" {rN+
                  | Regen+ SInv Stlth+} (You found it on level 5 of the
                  | Dungeon)
  5482 | D:5      | Gained mutation: Your body sometimes deteriorates upon
                  | taking damage. [potion of mutation]
  5482 | D:5      | Gained mutation: You can translocate small distances at
                  | will. [potion of mutation]
  5507 | D:5      | Found a runed translucent door.
  5508 | D:5      | Noticed Crazy Yiuf
  5556 | D:5      | Killed Crazy Yiuf
  5750 | D:6      | Reached XP level 8. HP: 28/41 MP: 11/17
  5767 | D:6      | Reached skill level 10 in Ice Magic
  5798 | D:6      | Reached skill level 1 in Staves
  5798 | D:6      | Reached skill level 1 in Evocations
  6664 | D:6      | Learned a level 4 spell: Hailstorm
  6905 | D:6      | Found a sparkling altar of Nemelex Xobeh.
  6955 | D:6      | Reached skill level 1 in Conjurations
  7103 | D:7      | Noticed Joseph
  7185 | D:7      | Reached XP level 9. HP: 43/45 MP: 10/19
  7268 | D:7      | Killed Joseph
  7360 | D:7      | Found a staircase to the Ecumenical Temple.
  7365 | Temple   | Entered the Ecumenical Temple
  8015 | D:7      | Noticed a two-headed ogre
  8022 | D:7      | Killed a two-headed ogre
  8023 | D:7      | Reached skill level 5 in Evocations
  8068 | D:7      | Found a glowing golden altar of the Shining One.
  8210 | D:7      | Found a shimmering blue altar of Sif Muna.
  8571 | D:8      | Reached skill level 5 in Staves
  8794 | D:8      | Noticed Maurice
  8801 | D:8      | Killed Maurice
  8802 | D:8      | Reached XP level 10. HP: 50/50 MP: 17/23
  8915 | D:8      | Reached skill level 5 in Conjurations
  9701 | D:9      | Noticed a red ugly thing
  9714 | D:9      | Killed a red ugly thing
  9729 | D:9      | Found a flagged portal.
  9774 | Bailey   | Entered a bailey
 10064 | Bailey   | Found a burning altar of Makhleb.
 10290 | Bailey   | Learned a level 9 spell: Shatter
 10294 | Bailey   | Learned a level 3 spell: Static Discharge
 10377 | D:9      | Reached skill level 5 in Dodging
 10463 | D:9      | Reached skill level 1 in Earth Magic
 10552 | D:9      | Found a staircase to the Orcish Mines.
 10785 | D:9      | Found an iron altar of Okawaru.
 11041 | D:9      | Reached skill level 10 in Stealth
 11413 | D:9      | Reached skill level 10 in Spellcasting
 11562 | D:9      | Found the +6 arbalest "Damnation" {damnation}
 11568 | D:9      | Found a glowing golden altar of the Shining One.
 11781 | D:10     | Entered Level 10 of the Dungeon
 11791 | D:10     | Reached XP level 11. HP: 54/54 MP: 27/27
 11792 | D:10     | Noticed Sonja
 11793 | D:10     | Noticed Psyche
 11900 | D:10     | HP: 1/54 [Sonja/+2 dagger of distortion (6)]
 11903 | D:10     | Slain by Sonja

Illustrated notes

Levels and vault maps discovered:
D:1:      ncdulo_smallfort, layout_basic, minmay_box_of_dots
D:2:      layout_basic, st_stairs_2, minivault_4
D:3:      layout_basic, uniq_sigmund, uniq_jessica
D:4:      layout_loops_ring, minitemple, hangedman_feature_mirror, uniq_grinder
D:5:      mumra_celtic_spiral_tile, layout_basic, grunt_temple_overflow_open,
          uniq_edmund, uniq_crazy_yiuf_cottage
D:6:      layout_basic, lemuel_round_altar
D:7:      layout_rooms, lemuel_coloured_pillars_altar, temple_doors_ab,
          nicolae_tso_swordbearing_angel, uniq_joseph
D:8:      layout_basic, uniq_maurice
D:9:      layout_stronghold, lemuel_doored_altar, okawaru_humans, orc_0_dummy,
          enter_bailey_2
D:10:     layout_basic, david_lair_shrubbed, uniq_psyche, uniq_maggie,
          uniq_sonja
Temple:   jpeg_temple_alley_garden

Skill      XL: |  1  2  3  4  5  6  7  8  9 10 |
---------------+-------------------------------+-----
Dodging        | 3 4 5 |  5.0
Stealth        | 3 4 5 8 10 | 10.0
Spellcasting   | 4 5 7 10 | 10.0
Ice Magic      | 6 7 9 10 | 10.9
Staves         | 3 5 |  5.0
Evocations     | 4 5 |  5.0
Conjurations   | 1 4 5 |  5.0
Earth Magic    | 3 |  3.6

Action                   |  1- 3 |  4- 6 |  7- 9 | 10-12 || total
-------------------------+-------+-------+-------+-------++-------
Melee: Hand axe          |    11 |    18 |     3 |       ||    32
       Unarmed           |     2 |       |       |       ||     2
       Spear             |       |       |   192 |   202 ||   394
 Fire: Arbalest          |       |       |       |     5 ||     5
Throw: Stone             |       |     3 |       |       ||     3
       Dart              |       |     2 |     1 |     2 ||     5
       Boomerang         |       |       |       |    45 ||    45
 Cast: Freeze            |    71 |    46 |    19 |    19 ||   155
       Frozen Ramparts   |       |     6 |    25 |    32 ||    63
       Ozocubu's Armour  |       |     5 |    20 |    26 ||    51
Invok: Potion Petition   |       |       |       |     2 ||     2
 Abil: Blink             |       |       |       |    19 ||    19
  Use: Scroll            |       |       |    14 |     4 ||    18
       Potion            |       |       |     3 |     2 ||     5
 Stab: Sleeping          |     1 |     2 |    25 |    15 ||    43
       Distracted        |       |       |     2 |     2 ||     4
Armor: Robe              |     6 |     6 |     2 |       ||    14
       Leather armour    |       |       |    48 |    72 ||   120
       Skin              |       |       |       |    45 ||    45
Dodge: Dodged            |    59 |    28 |    99 |   184 ||   370
